 Dungeon Crawl Stone Soup version 0.28.0-43-g3370ac3207 (webtiles) character file.

Game seed: 14227808871428898690

36955 Ablot the Thaumaturge (level 13, -2/103 HPs)
             Began as a Gnoll Warper on Mar 15, 2022.
             Was a High Priest of Dithmenos.
             Slain by a kobold brigand
             ... wielding a +0 dagger
              (6 damage)
             ... on level 14 of the Dungeon.
             The game lasted 00:56:27 (18784 turns).

Ablot the Thaumaturge (Gnoll Warper)               Turns: 18784, Time: 00:56:28

Health: -2/103     AC: 12    Str: 20    XL:     13   Next: 93%
Magic:  22/27      EV: 15    Int: 16    God:    Dithmenos [*****.]
Gold:   703        SH:  0    Dex: 12    Spells: 23/32 levels left

rFire   + . .      SeeInvis .   a - +12 glaive "Gram" {spect, Str+4 Int+4 Stlth+}
rCold   + . .      Faith    .   (shield currently unavailable)
rNeg    + + .      Spirit   .   Z - +0 acid dragon scales
rPois   .          Reflect  .   r - +0 hat {Stlth+}
rElec   +          Harm     .   j - scarf {rC+ rF+}
rCorr   +          Rampage  .   Q - +0 pair of gloves
Will    +....                   m - +1 pair of boots
Stlth   +++++++...              (no amulet)
HPRegen 0.27/turn               G - ring of positive energy
MPRegen 0.20/turn               I - ring of the Amoeba {+Blink rElec rN+ Will+ Stlth-}

@: on blink cooldown, wreathed by umbra, invisible
A: fangs 1, strong nose, distributed training
a: Renounce Religion, Evoke Blink, Shadow Step, Shadow Form


You were on level 14 of the Dungeon.
You worshipped Dithmenos.
Dithmenos was extremely pleased with you.
You visited 2 branches of the dungeon, and saw 15 of its levels.
You also visited: Sewer and Ice Cave.

You collected 913 gold pieces.
You spent 210 gold pieces at shops.

Inventory:

Hand Weapons
 a - the +12 glaive "Gram" (weapon) {spect, Str+4 Int+4 Stlth+}
   (You found it on level 5 of the Dungeon)

   When its wielder attacks, the weapon's spirit leaps out and strikes again.
   The spirit shares a part of any damage it takes with its wielder.
   Str:       It affects your strength (+4).
   Int:       It affects your intelligence (+4).
   Stlth:     It makes you more stealthy.
 w - the +8 mace of Sehap {flame, rCorr}
   (You found it on level 3 of the Dungeon)

   It burns those it strikes, dealing additional fire damage.
   rCorr:     It protects you from acid and corrosion.
 y - the +4 hunting sling of the Girdle {freeze, Str+6}
   (You found it on level 4 of the Dungeon)

   Any ammunition fired from it freezes those it strikes, dealing additional
   cold damage.
   It can also slow down cold-blooded creatures.
   Str:       It affects your strength (+6).
Missiles
 d - 86 bolts
 e - 217 arrows
 s - 337 stones
 x - 59 sling bullets
 J - 32 boomerangs (quivered)
 N - 11 poisoned darts
Armour
 j - a scarf of resistance (worn)
 m - a +1 pair of boots (worn)
 r - a +0 hat of stealth (worn)
 Q - a +0 pair of gloves (worn)
 Z - +0 acid dragon scales (worn)
Jewellery
 n - a +4 ring of protection
 G - a ring of positive energy (left hand)
 H - a ring of willpower
 I - the ring of the Amoeba (right hand) {+Blink rElec rN+ Will+ Stlth-}
   (You found it on level 14 of the Dungeon)

   [ring of willpower]

   rElec:     It insulates you from electricity.
   rN:        It protects you from negative energy.
   +Blink:    It lets you blink.
   Will:      It increases your willpower.
   Stlth:     It makes you less stealthy.
 W - a ring of ice
 Y - a ring of see invisible
Wands
 t - a wand of iceblast (5)
 v - a wand of flame (74)
 B - a wand of mindburst (4)
 P - a wand of paralysis (3)
 X - a wand of digging (4)
Scrolls
 b - 4 scrolls of vulnerability {unknown}
 c - 3 scrolls of blinking
 h - 10 scrolls of teleportation
 q - 3 scrolls of enchant weapon
 C - 2 scrolls of immolation {unknown}
 E - a scroll of fog {unknown}
 F - 2 scrolls of amnesia {unknown}
 L - 3 scrolls of fear
 M - a scroll of brand weapon {unknown}
 T - a scroll of summoning {unknown}
 U - 3 scrolls of magic mapping
 V - 2 scrolls of enchant armour {unknown}
Potions
 f - 2 potions of degeneration {unknown}
 g - 3 potions of mutation
 i - 4 potions of haste
 k - 3 potions of might {unknown}
 l - a potion of ambrosia {unknown}
 o - 3 potions of cancellation {unknown}
 p - 5 potions of flight
 u - 8 potions of curing
 z - 3 potions of invisibility
 A - 3 potions of magic {unknown}
 D - 2 potions of resistance
 K - 4 potions of brilliance
 O - 2 potions of attraction {unknown}
 R - a potion of heal wounds {unknown}
 S - 4 potions of lignification


   Skills:
 + Level 9.9 Fighting
 + Level 8.7 Short Blades
 + Level 8.7 Long Blades
 + Level 8.7 Axes
 + Level 8.7 Maces & Flails
 + Level 9.9 Polearms
 + Level 8.7 Staves
 + Level 8.7 Slings
 + Level 8.7 Bows
 + Level 8.7 Crossbows
 + Level 9.1 Throwing
 + Level 9.1 Armour
 + Level 9.9 Dodging
 + Level 8.7 Stealth
 + Level 8.7 Shields
 + Level 8.7 Unarmed Combat
 + Level 10.1 Spellcasting
 + Level 7.2 Conjurations
 + Level 7.2 Hexes
 + Level 7.2 Summonings
 + Level 7.2 Necromancy
 + Level 9.2 Translocations
 + Level 7.2 Transmutations
 + Level 7.2 Fire Magic
 + Level 7.2 Ice Magic
 + Level 7.2 Air Magic
 + Level 7.2 Earth Magic
 + Level 7.2 Poison Magic
 + Level 9.5 Invocations
 + Level 8.7 Evocations


You had 23 spell levels left.
You knew the following spells:

 Your Spells              Type           Power      Damage    Failure   Level
a - Blink                 Tloc           74%        N/A       1%          2
b - Cause Fear            Hex            15%        N/A       5%          4
c - Call Canine Familiar  Summ           31%        N/A       1%          3

Your spell library contained the following spells:

 Spells                   Type           Power      Damage    Failure   Level
 Summon Small Mammal      Summ           100%       N/A       1%          1
 Gell's Gravitas          Tloc           37%        N/A       1%          3
 Inner Flame              Hex/Fire       31%        N/A       1%          3
 Lesser Beckoning         Tloc           37%        N/A       1%          3
 Summon Guardian Golem    Hex/Summ       31%        N/A       1%          3
 Teleport Other           Tloc           37%        N/A       1%          3
 Manifold Assault         Tloc           37%        N/A       7%          5
 Freezing Cloud           Conj/Ice/Air   15%        6-21      16%         5
 Iskenderun's Battlesphe  Conj           31%        2d8       16%         5
 Iron Shot                Conj/Erth      15%        9d4       65%         6
 Simulacrum               Ice/Necr       15%        N/A       65%         6
 Spellforged Servitor     Conj/Summ      15%        N/A       99%         7
 Storm Form               Tmut/Air       15%        N/A       99%         7
 Discord                  Hex            15%        N/A       100%        8
 Polar Vortex             Ice            15%        N/A       100%        9


Dungeon Overview and Level Annotations

Branches:
Dungeon (14/15)            Temple (1/1) D:6            Lair (0/6) D:11
    Orc (0/2) D:11         Vaults (0/5) D:14          Sewer (visited)
  IceCv (visited)

Altars:
Ashenzari
Cheibriados
Dithmenos
Elyvilon
Fedhas
Gozag
Hepliaklqana
Kikubaaqudgha
Makhleb
Nemelex Xobeh
Okawaru
Qazlal
Ru
Sif Muna
Trog
Uskayaw
Vehumet
Wu Jian
Xom
Yredelemnul
Zin
The Shining One
Beogh

Shops:
D:7 [   D:9 !   D:10 =

Portals:
Trove: D:13 (give 3 potions of resistance)

Annotations:
D:11 3 runed translucent doors, Revguard's ghost, journeyman DrTm
D:14 3 runed translucent doors


Innate Abilities, Weirdness & Mutations

You have very sharp teeth.
Your uncanny sense of smell can sniff out nearby items.
Your experience applies equally to all skills.


Message History

Unknown command.
You hit the two-headed ogre.
The two-headed ogre is lightly wounded.
Your +12 glaive "Gram" {spect, Str+4 Int+4 Stlth+} hits the two-headed ogre from afar!!
The two-headed ogre hits you with a +0 dire flail!!
The two-headed ogre hits you with a +0 giant spiked club!
Unknown command.
You slice the two-headed ogre!!
The two-headed ogre is almost dead.
Your +12 glaive "Gram" {spect, Str+4 Int+4 Stlth+} hits the two-headed ogre from afar!!
You kill the two-headed ogre!
Dithmenos accepts your kill.
The skeletal warrior closely misses you.
You closely miss the skeletal warrior.
Your +12 glaive "Gram" {spect, Str+4 Int+4 Stlth+} barely misses the skeletal warrior.
The skeletal warrior hits you with a +0 hand axe!
* * * LOW HITPOINT WARNING * * *
Unknown command.
You slice the skeletal warrior!!
The skeletal warrior is heavily damaged.
Your +12 glaive "Gram" {spect, Str+4 Int+4 Stlth+} hits the skeletal warrior from afar!!
The skeletal warrior hits you with a +0 hand axe!
* * * LOW HITPOINT WARNING * * *
Unknown command.
Aiming: Shadow Step
Press: ? - help, Dir - move target, f - kobold brigand
Aim: a kobold brigand, wielding a +0 whip of draining and quivering poisoned darts (umbra)
You step into the kobold brigand's shadow.
A kobold and a yaktaur come into view.
A yaktaur comes into view. It is wielding a +0 quarterstaff.
The yaktaur wields a +0 arbalest.
The yaktaur shoots a bolt.
The bolt barely misses you.
The bolt hits the kobold brigand!!
The kobold brigand barely misses you.
The yaktaur shouts!
The kobold shouts!
The kobold demonologist shouts!
Unknown command.
You blink.
Unknown command.
You fade into invisibility!
The kobold brigand hits you with a +0 dagger.
You die...

#. . ∆ K #. ##. ∆
#.#..#.# .##K#..#.#
...K.....
###.#..#.#############
.....................#
........K@..........#
###.#..#K###########.#
#..c.....z)#.# #....#
c##.#..#.##.§# #.##.#
# #..#.#.#.# #.##.# ##
∆ #..##.#∆.####.##.#
.. ∆ #..#...
∩#.......#### .#
#..##########.......#
.#### ##.....##
#..####.#


You could see a kobold demonologist, 2 kobold brigands and a kobold.

Vanquished Creatures
  Azrael (D:13)
  4 boulder beetles
  A hydra (D:14)
  A centaur warrior (D:13)
  A death knight (D:14)
  8 two-headed ogres
  A tengu warrior (D:13)
  A skeletal warrior (D:14)
  Pikel (D:6)
  A phantasmal warrior (D:14)
  A necromancer (IceCv)
  A bog body (IceCv)
  5 ugly things
  2 cyclopes
  A gargoyle (D:12)
  2 ice statues (IceCv)
  2 unseen horrors
  2 rime drakes (D:11)
  4 centaur skeletons (D:14)
  Maggie (D:6)
  2 anaconda simulacra (IceCv)
  A freezing wraith (IceCv)
  A tengu conjurer (D:13)
  3 entropy weaver simulacra (IceCv)
  5 ice devils (IceCv)
  6 trolls
  A tarantella (shapeshifter) (D:13)
  A hornet (D:9)
  A shadow (D:11)
  A spriggan (D:8)
  4 dire elephant simulacra (IceCv)
  A spriggan (shapeshifter) (D:14)
  2 wraiths
  4 basilisks
  2 fire elementals (D:13)
  28 yaks
  A yak (shapeshifter) (D:14)
  4 wyverns
  A death yak simulacrum (IceCv)
  2 steam dragons
  5 vampire mosquitoes
  Menkaure (D:6)
  A harpy simulacrum (IceCv)
  2 hell hounds (D:13)
  5 water moccasins
  4 acid dragons
  11 orc warriors
  A sky beast (D:7)
  2 ice beasts
  A black bear (D:8)
  3 ogres
  5 centaurs
  2 lemures (D:6)
  A kobold brigand (Sewer)
  A phantom (D:4)
  7 bullfrogs
  A cane toad simulacrum (IceCv)
  2 water moccasin skeletons
  An elephant simulacrum (IceCv)
  6 killer bees (D:10)
  5 wights (D:9)
  3 howler monkeys (D:10)
  A centaur zombie (D:7)
  3 hounds
  A jelly (D:6)
  Crazy Yiuf (D:3)
  A gnoll shaman (D:4)
  8 orc priests
  Jessica (D:3)
  Terence (D:3)
  Ijyb (D:3)
  9 orc wizards
  Natasha (thrice) (D:2)
  A killer bee zombie (D:7)
  A spriggan simulacrum (IceCv)
  Robin (D:2)
  9 gnolls
  A howler monkey skeleton (D:4)
  9 adders
  5 river rats (Sewer)
  2 white imps
  3 ufetubi
  A worm (D:2)
  2 dart slugs
  44 orcs
  4 bats (D:1)
  9 endoplasms
  4 giant cockroaches
  21 goblins
  17 hobgoblins
  9 jackals
  8 quokkas
  7 ball pythons
  7 frilled lizards
  12 kobolds
  A quokka skeleton (D:2)
  9 rats
399 creatures vanquished.

Vanquished Creatures (others)
  A jelly (D:8)
  An orc (D:5)
  7 fungi
  32 plants
41 creatures vanquished.

Grand Total: 440 creatures vanquished

Notes
Turn   | Place    | Note
-------+----------+-------------------------------------------
     0 | D:1      | Ablot the Gnoll Warper began the quest for the Orb.
     0 | D:1      | Reached XP level 1. HP: 20/20 MP: 6/6
   218 | D:1      | Reached XP level 2. HP: 26/26 MP: 7/7
   221 | D:1      | Learned a level 2 spell: Blink
   753 | D:1      | Reached XP level 3. HP: 26/31 MP: 9/9
   764 | D:1      | Reached skill level 5 in Spellcasting
  1112 | D:1      | Reached skill level 1 in Invocations
  1523 | D:2      | Reached skill level 1 in Short Blades
  1523 | D:2      | Reached skill level 1 in Long Blades
  1523 | D:2      | Reached skill level 1 in Axes
  1523 | D:2      | Reached skill level 1 in Maces & Flails
  1523 | D:2      | Reached skill level 1 in Staves
  1523 | D:2      | Reached skill level 1 in Slings
  1523 | D:2      | Reached skill level 1 in Bows
  1523 | D:2      | Reached skill level 1 in Crossbows
  1523 | D:2      | Reached skill level 1 in Stealth
  1523 | D:2      | Reached skill level 1 in Shields
  1523 | D:2      | Reached skill level 1 in Unarmed Combat
  1523 | D:2      | Reached skill level 1 in Evocations
  1680 | D:2      | Found a faded altar of an unknown god.
  1843 | D:2      | Noticed Natasha
  1876 | D:2      | HP: 1/31 [Natasha (7)]
  1879 | D:2      | Killed Natasha
  1880 | D:2      | Reached XP level 4. HP: 2/38 MP: 11/11
  1885 | D:2      | HP: 1/38 [kobold/stone (2)]
  2222 | D:2      | Noticed Natasha
  2248 | D:2      | Killed Natasha
  2249 | D:2      | Reached skill level 1 in Conjurations
  2249 | D:2      | Reached skill level 1 in Hexes
  2249 | D:2      | Reached skill level 1 in Summonings
  2249 | D:2      | Reached skill level 1 in Necromancy
  2249 | D:2      | Reached skill level 1 in Transmutations
  2249 | D:2      | Reached skill level 1 in Fire Magic
  2249 | D:2      | Reached skill level 1 in Ice Magic
  2249 | D:2      | Reached skill level 1 in Air Magic
  2249 | D:2      | Reached skill level 1 in Earth Magic
  2249 | D:2      | Reached skill level 1 in Poison Magic
  2446 | D:2      | Reached XP level 5. HP: 40/43 MP: 12/12
  2556 | D:2      | Noticed Natasha
  2566 | D:2      | Killed Natasha
  2832 | D:3      | Noticed Robin
  2999 | D:3      | Noticed Terence
  3019 | D:3      | Noticed Jessica
  3029 | D:3      | Killed Jessica
  3563 | D:2      | Killed Robin
  3564 | D:2      | Reached XP level 6. HP: 49/50 MP: 13/13
  3790 | D:3      | Noticed Ijyb
  3847 | D:3      | Killed Ijyb
  4040 | D:3      | Found a runed translucent door.
  4041 | D:3      | Noticed Crazy Yiuf
  4048 | D:3      | Killed Crazy Yiuf
  4049 | D:3      | Reached skill level 5 in Fighting
  4049 | D:3      | Reached skill level 5 in Polearms
  4049 | D:3      | Reached skill level 5 in Dodging
  4053 | D:3      | Identified the +8 mace of Sehap {flame, rCorr}
  4322 | D:3      | Killed Terence
  4498 | D:4      | Identified the +4 hunting sling of the Girdle {freeze,
                  | Str+6}
  4581 | D:4      | Noticed an ice beast
  4587 | D:4      | Killed an ice beast
  4615 | D:4      | Reached XP level 7. HP: 56/56 MP: 15/15
  5386 | D:5      | Entered Level 5 of the Dungeon
  6063 | D:5      | Found a sparkling altar of Nemelex Xobeh.
  6188 | D:5      | Identified the +12 glaive "Gram" {spect, Str+4 Int+4
                  | Stlth+}
  6204 | D:5      | Reached XP level 8. HP: 53/63 MP: 16/16
  6623 | D:6      | Noticed Menkaure
  6629 | D:6      | Killed Menkaure
  6630 | D:6      | Reached skill level 6 in Spellcasting
  6696 | D:6      | Found a glowing drain.
  6705 | Sewer    | Entered a sewer
  8072 | D:6      | Noticed Maggie
  8089 | D:6      | Killed Maggie
  8678 | D:6      | Found a staircase to the Ecumenical Temple.
  8678 | D:6      | Noticed Pikel
  8696 | D:6      | Killed Pikel
  8697 | D:6      | Reached XP level 9. HP: 64/69 MP: 18/18
  8716 | Temple   | Entered the Ecumenical Temple
  8789 | Temple   | Became a worshipper of Dithmenos the Shadowed
  9065 | D:7      | Reached skill level 5 in Throwing
  9065 | D:7      | Reached skill level 5 in Armour
  9087 | D:7      | Found Togrosseditt's Armour Boutique.
  9458 | D:8      | Found a radiant altar of Vehumet.
  9571 | D:8      | Reached skill level 5 in Invocations
  9590 | D:8      | Reached * piety under Dithmenos
  9608 | D:8      | Found a hide-covered altar of Uskayaw.
  9928 | D:8      | Noticed a two-headed ogre
  9935 | D:8      | Killed a two-headed ogre
  9936 | D:8      | Reached skill level 5 in Short Blades
  9936 | D:8      | Reached skill level 5 in Long Blades
  9936 | D:8      | Reached skill level 5 in Axes
  9936 | D:8      | Reached skill level 5 in Maces & Flails
  9936 | D:8      | Reached skill level 5 in Staves
  9936 | D:8      | Reached skill level 5 in Slings
  9936 | D:8      | Reached skill level 5 in Bows
  9936 | D:8      | Reached skill level 5 in Crossbows
  9936 | D:8      | Reached skill level 5 in Stealth
  9936 | D:8      | Reached skill level 5 in Shields
  9936 | D:8      | Reached skill level 5 in Unarmed Combat
  9936 | D:8      | Reached skill level 7 in Spellcasting
  9936 | D:8      | Reached skill level 5 in Evocations
  9936 | D:8      | Reached XP level 10. HP: 77/77 MP: 20/20
 10180 | D:8      | Noticed a two-headed ogre
 10191 | D:8      | Killed a two-headed ogre
 10284 | D:8      | Found a shimmering blue altar of Sif Muna.
 10285 | D:8      | Found a basalt altar of Yredelemnul.
 10886 | D:9      | Reached XP level 11. HP: 71/84 MP: 22/22
 11056 | D:9      | Reached skill level 5 in Conjurations
 11056 | D:9      | Reached skill level 5 in Hexes
 11056 | D:9      | Reached skill level 5 in Summonings
 11056 | D:9      | Reached skill level 5 in Necromancy
 11056 | D:9      | Reached skill level 5 in Transmutations
 11056 | D:9      | Reached skill level 5 in Fire Magic
 11056 | D:9      | Reached skill level 5 in Ice Magic
 11056 | D:9      | Reached skill level 5 in Air Magic
 11056 | D:9      | Reached skill level 5 in Earth Magic
 11056 | D:9      | Reached skill level 5 in Poison Magic
 11399 | D:9      | Found Vatoat's Distillery.
 11446 | D:9      | Reached skill level 8 in Spellcasting
 11580 | D:9      | Found an ornate altar of the Wu Jian Council.
 11642 | D:10     | Entered Level 10 of the Dungeon
 11642 | D:10     | Noticed a two-headed ogre
 11645 | D:10     | Killed a two-headed ogre
 11667 | D:10     | Found Elatir's Jewellery Shop.
 11675 | D:10     | Bought a ring of see invisible for 210 gold pieces
 11712 | D:10     | Found a stormy altar of Qazlal.
 11712 | D:10     | Found a hazy altar of Hepliaklqana.
 11728 | D:10     | Identified the +2 cloak "Ishriphy" {*Corrode rC+++ Regen+
                  | Int+8}
 11808 | D:10     | Found a broken altar of Ashenzari.
 11819 | D:10     | Reached ** piety under Dithmenos
 11898 | D:10     | Noticed a two-headed ogre
 11905 | D:10     | Killed a two-headed ogre
 12429 | D:10     | Found a glowing golden altar of the Shining One.
 12682 | D:11     | Found a runed translucent gate.
 12682 | D:11     | Found a runed translucent gate.
 12682 | D:11     | Found a runed translucent gate.
 12682 | D:11     | Noticed a boulder beetle
 12713 | D:11     | Found a frozen archway.
 12758 | IceCv    | Entered an ice cave
 12972 | IceCv    | Reached XP level 12. HP: 83/94 MP: 24/24
 13122 | IceCv    | Reached *** piety under Dithmenos
 13716 | D:11     | Noticed a minotaur
 13717 | D:11     | Noticed Revguard's ghost (journeyman DrTm)
 13727 | D:11     | Found a staircase to the Lair.
 13739 | D:11     | Reached skill level 9 in Spellcasting
 13869 | D:11     | Noticed a boulder beetle
 13880 | D:11     | Killed a boulder beetle
 13903 | D:11     | You fall into a shaft and drop 3 floors!
 13925 | D:14     | Found a runed translucent gate.
 13925 | D:14     | Found a runed translucent gate.
 13925 | D:14     | Found a runed translucent gate.
 14123 | D:11     | Reached **** piety under Dithmenos
 14597 | D:11     | Found a staircase to the Orcish Mines.
 14757 | D:11     | Learned a level 4 spell: Cause Fear
 14907 | D:11     | Found a shimmering altar of Xom.
 15123 | D:12     | Reached XP level 13. HP: 98/101 MP: 26/26
 17004 | D:13     | Reached ***** piety under Dithmenos
 17015 | D:13     | Found a portal to a secret trove of treasure.
 17017 | D:13     | HP: 3/101 [tengu warrior/+1 vorpal long sword (5)]
 17573 | D:13     | Noticed Azrael
 17586 | D:13     | Killed Azrael
 17636 | D:13     | Learned a level 3 spell: Call Canine Familiar
 18447 | D:14     | Identified the ring of the Amoeba {+Blink rElec rN+ Will+
                  | Stlth-}
 18599 | D:14     | Found an iron altar of Okawaru.
 18635 | D:14     | Reached skill level 10 in Spellcasting
 18771 | D:14     | Found a gate to the Vaults.
 18784 | D:14     | Slain by a kobold brigand

Illustrated notes

Levels and vault maps discovered:
D:1:      psy_arrival_conway, layout_loops_cross, kennysheep_decorative_pillar
D:2:      layout_basic, chequers_ecumenical_altar_simple_redux, uniq_natasha
D:3:      layout_rooms, uniq_ijyb, uniq_jessica, uniq_robin, uniq_terence,
          uniq_crazy_yiuf_cottage
D:4:      layout_basic
D:5:      corexii_shack_village, layout_rooms, nemelex_altar_shiori
D:6:      layout_basic, minmay_temple_entry_statues_pillars,
          portal_sewer_entry_d, uniq_menkaure, uniq_maggie, uniq_pikel
D:7:      layout_rooms, nicolae_stop_n_shop_1, minmay_misc_feat_cross,
          chequers_hall_statues_wall_a, minmay_misc_feat_four_crosses,
          corexii_item_surrounded_by_moat, dk_rats_in_the_wall
D:8:      layout_basic, fiery_altar_vehumet, lemuel_tele_altar,
          mainiacjoe_overflow_divided_tiny, the_hattery
D:9:      layout_rooms, nicolae_wu_jian_immortal_techniques, serial_shops,
          nicolae_shop_hallway_plus
D:10:     layout_loops_ring, nicolae_ashenzari_panopticon,
          nicolae_tso_swordbearing_angel,
          chequers_temple_overflow_statue_of_worship, serial_shops,
          nicolae_stop_n_shop_1
D:11:     layout_long_grid, minmay_lair_entry_grove,
          maelrawn_ghost_gauntlet_escape, special_room [special_room_orc],
          portal_ice_cave_rime, tgw_xom
D:12:     layout_long_grid, hangedman_decor_clover_reticule
D:13:     layout_loops_ring, nicolae_trove_entry_crystal, uniq_azrael
D:14:     layout_loops_corners, hangedman_vaults_entry_quadrant_bands,
          gammafunk_ghost_icy, okawaru_ov_weapons_minmay
Temple:   nicolae_temple_x_marks_the_god

Skill      XL: |  1  2  3  4  5  6  7  8  9 10 11 12 13 |
---------------+----------------------------------------+-----
Spellcasting   | 5 6 7 8 9 10 | 10.1
Invocations    | 1 2 3 4 5 6 7 8 9 |  9.5
Short Blades   | 1 2 4 5 6 7 8 |  8.7
Long Blades    | 1 2 4 5 6 7 8 |  8.7
Axes           | 1 2 4 5 6 7 8 |  8.7
Maces & Flails | 1 2 4 5 6 7 8 |  8.7
Staves         | 1 2 4 5 6 7 8 |  8.7
Slings         | 1 2 4 5 6 7 8 |  8.7
Bows           | 1 2 4 5 6 7 8 |  8.7
Crossbows      | 1 2 4 5 6 7 8 |  8.7
Stealth        | 1 2 4 5 6 7 8 |  8.7
Shields        | 1 2 4 5 6 7 8 |  8.7
Unarmed Combat | 1 2 4 5 6 7 8 |  8.7
Evocations     | 1 2 4 5 6 7 8 |  8.7
Conjurations   | 1 2 3 4 5 6 7 |  7.2
Hexes          | 1 2 3 4 5 6 7 |  7.2
Summonings     | 1 2 3 4 5 6 7 |  7.2
Necromancy     | 1 2 3 4 5 6 7 |  7.2
Transmutations | 1 2 3 4 5 6 7 |  7.2
Fire Magic     | 1 2 3 4 5 6 7 |  7.2
Ice Magic      | 1 2 3 4 5 6 7 |  7.2
Air Magic      | 1 2 3 4 5 6 7 |  7.2
Earth Magic    | 1 2 3 4 5 6 7 |  7.2
Poison Magic   | 1 2 3 4 5 6 7 |  7.2
Throwing       | 3 4 5 6 7 8 9 |  9.1
Armour         | 3 4 5 6 7 8 9 |  9.1
Fighting       | 5 6 7 8 9 |  9.9
Polearms       | 5 6 7 8 9 |  9.9
Dodging        | 5 6 7 8 9 |  9.9
Translocations | 6 7 8 9 |  9.2

Action                   |  1- 3 |  4- 6 |  7- 9 | 10-12 | 13-15 || total
-------------------------+-------+-------+-------+-------+-------++-------
Melee: Spear             |   167 |   172 |       |       |       ||   339
       Bite              |    17 |    18 |    16 |    57 |    10 ||   118
       Punch             |     1 |     4 |     1 |     8 |       ||    14
       War axe           |       |    30 |       |       |       ||    30
       Mace              |       |    29 |    76 |   189 |     5 ||   299
       Glaive            |       |       |   124 |   194 |   115 ||   433
Throw: Stone             |       |     5 |     2 |       |       ||     7
       Dart              |       |       |    10 |    11 |    12 ||    33
       Boomerang         |       |       |     6 |    11 |     2 ||    19
 Cast: Blink             |       |       |     3 |     5 |     2 ||    10
       Cause Fear        |       |       |       |       |     1 ||     1
       Call Canine Famil |       |       |       |       |     1 ||     1
Invok: Shadow Step       |       |       |       |       |     1 ||     1
 Abil: Evoke Blink       |       |       |       |       |     1 ||     1
Evoke: Wand              |       |       |     3 |       |       ||     3
  Use: Scroll            |       |       |     1 |     2 |    11 ||    14
       Potion            |       |       |       |       |     1 ||     1
 Stab: Sleeping          |     1 |     2 |    14 |    24 |     4 ||    45
       Distracted        |       |       |       |     4 |     3 ||     7
Armor: Leather armour    |    29 |    71 |    52 |       |       ||   152
       Steam dragon scal |       |       |    13 |    16 |       ||    29
       Acid dragon scale |       |       |       |   140 |    52 ||   192
Dodge: Dodged            |    92 |   125 |   107 |   286 |    79 ||   689
Block: Kite shield       |       |       |       |    22 |       ||    22
